AoeStats
← kkkg

Arabian Desert

508632583Analyzed
1v1 RM · 8d ago on Sep 23, 2026· 28m 3s· 2 players
Game mode
Random Map
Map size
Tiny (2 player)
Population
200
Speed
Normal
Resources
Standard
Victory
Conquest
Starting age
Dark Age
Ending age
Imperial Age
RankedLock teamsTeams togetherTeam positionsShared explorationLock speedFull tech treeHidden civsTurbo modeCheats
Victory
Defeat
🇱🇺 Franks · Luxembourg
925
+14
🇨🇳 Tatars · China
880
-14
Frog Power
6:50 Loom
10:44 Feudal Age
17:34 Double-Bit Axe
20:22 Castle Age
18:39 Gold Mining
20:05 Forging
21:50 Scale Barding Armor
24:11 Iron Casting
25:02 Fletching
kkkg
6:48 Loom
10:11 Feudal Age
14:09 Fletching
14:19 Gold Mining
19:39 Castle Age
18:28 Stone Mining
20:15 Bodkin Arrow
21:48 Padded Archer Armor
Connection lost

Rejoining the realm…

Still unreachable

The connection could not be restored.

Session expired

The server has moved on; the page needs a fresh start.